 Dungeon Crawl Stone Soup version 0.30-a0-1035-g38d5fb2972 (webtiles) character file.

Game seed: 1107249267744715056

237 pokeman the Magician (level 5, -2/29 HPs)
             Began as a Deep Elf Hedge Wizard on Apr 8, 2023.
             Was a Follower of Vehumet.
             Slain by a hound (5 damage)
             ... on level 4 of the Dungeon.
             The game lasted 00:07:54 (3224 turns).

pokeman the Magician (Deep Elf Hedge Wizard)        Turns: 3224, Time: 00:07:57

Health: -2/29      AC:  3    Str:  7    XL:     5   Next: 77%
Magic:  2/16       EV: 13    Int: 21    God:    Vehumet [*.....]
Gold:   125        SH:  0    Dex: 14    Spells: 9/17 levels left

rFire   . . .      SeeInvis .    a - +0 dagger
rCold   . . .      Faith    .    (no shield)
rNeg    . . .      Spirit   .    b - +0 robe
rPois   .          Reflect  .    c - +0 hat
rElec   .          Rampage  .    (no cloak)
rCorr   .                        (no gloves)
Will    .....                    p - +0 pair of boots
Stlth   ++                       (no amulet)
HPRegen 0.24/turn                (no ring)
MPRegen 0.15/turn                (no ring)

@: no status effects
A: no striking features
a: Renounce Religion


You were on level 4 of the Dungeon.
You worshipped Vehumet.
Vehumet was aware of your devotion.
You visited 1 branch of the dungeon, and saw 4 of its levels.

You collected 125 gold pieces.

Inventory:

Hand Weapons
 a - a +0 dagger (weapon)
Armour
 b - a +0 robe (worn)
 c - a +0 hat (worn)
 p - a +0 pair of boots (worn)
Scrolls
 e - 2 scrolls of identify {unknown}
 h - 2 scrolls of fog {unknown}
 i - 2 scrolls of enchant armour {unknown}
 j - 2 scrolls of fear {unknown}
 k - 2 scrolls of silence {unknown}
 l - a scroll of brand weapon {unknown}
 n - a scroll of acquirement {unknown}
 o - a scroll of summoning {unknown}
 q - a scroll of amnesia {unknown}
 s - a scroll of teleportation {unknown}
Potions
 d - 2 potions of magic
 f - a potion of curing {unknown}
 g - a potion of mutation {unknown}
 m - a potion of invisibility {unknown}
 r - a potion of brilliance {unknown}


   Skills:
 - Level 1.0 Fighting
 - Level 1.0 Armour
 - Level 3.0 Dodging
 - Level 3.1 Stealth
 * Level 6.6 Spellcasting
 + Level 2.9 Conjurations
 - Level 1.1 Summonings
 - Level 1.1 Translocations
 + Level 1.0 Air Magic
 + Level 0.6 Poison Magic


You had 9 spell levels left.
You knew the following spells:

 Your Spells              Type           Power      Damage    Failure   Level
a - Magic Dart            Conj           76%        1d6       2%          1
b - Mephitic Cloud        Conj/Pois/Air  13%        N/A       14%         3
c - Call Imp              Summ           22%        N/A       9%          2
d - Blink                 Tloc           22%        N/A       9%          2

Your spell library contained the following spells:

 Spells                   Type           Power      Damage    Failure   Level
 Foxfire                  Conj/Fire      52%        2x1d6     4%          1
 Slow                     Hex            24%        N/A       10%         1
 Cigotuvi's Dreadful Rot  Necr/Pois/Air  18%        N/A       11%         2
 Ensorcelled Hibernation  Hex/Ice        12%        N/A       14%         2
 Passwall                 Tmut/Erth      5%         N/A       14%         2
 Swiftness                Air            11%        N/A       19%         3


Dungeon Overview and Level Annotations

Branches:
Dungeon (4/15)
 Temple: D:4-7

Altars:
Ru
Sif Muna
Vehumet


Message History

The hound closely misses you.
The jackal closely misses your cerulean imp.
Your cerulean imp closely misses the hound.
The hound bites you.
* * * LOW HITPOINT WARNING * * *
The orc closely misses you.
Unknown command.
Casting: Call Imp (safe; 9% risk of failure)
Confirm with . or Enter, or press ? or * to list all spells.
You blink.
Your cerulean imp hits the hound but does no damage.
The jackal barely misses you.
Unknown command.
An adder comes into view.
Your cerulean imp hits the hound but does no damage.
The adder moves out of view.
You see here a +0 quarterstaff.
The hound attacks as you move away! The hound bites you but does no damage.
Found a stone staircase leading down.
The jackal bites you.
* * * LOW HITPOINT WARNING * * *
The hound bites you but does no damage. The hound attacks as you move away!
The hound closely misses you.
You feel stable enough to blink again.
The jackal bites you but does no damage.
The jackal attacks as you move away! The jackal barely misses you.
Your cerulean imp misses the hound.
Your cerulean imp hits the hound from afar with a -2 spear.
Something hits your cerulean imp. The hound bites you but does no damage.
You barely miss the hound.
The hound is severely wounded.
The hound closely misses you.
Your cerulean imp barely misses the hound.
You hit the hound.
The hound is severely wounded.
The hound barely misses you.
Your cerulean imp hits the hound but does no damage.
The orc closely misses your cerulean imp.
The hound bites you.
You die...

...........# #...>......#
#..........#####..
..................
................. ###.
......##.....#
#...###...........##
##...@hh5o..#...#....
#....#####...........
.#........#.).........
#.#.......#.............
#.........#...5.........
###........>...o.........
...........###.....$....
..........# #).####.....
##.......# #.## #....


You could see a hound (ally target), an orc, a jackal and a friendly cerulean
imp (summoned).

Vanquished Creatures
  2 orc priests
  8 adders
  A dart slug (D:2)
  10 orcs
  4 ball pythons
  4 bats
  4 endoplasms
  2 giant cockroaches
  5 goblins
  4 hobgoblins
  2 jackals (D:1)
  4 quokkas
  2 kobolds
  7 rats
59 creatures vanquished.

Vanquished Creatures (collateral kills)
  An orc wizard (D:3)
  A worm (D:2)
  2 orcs
  A giant cockroach (D:3)
  3 jackals (D:4)
8 creatures vanquished.

Grand Total: 67 creatures vanquished

Notes
Turn   | Place    | Note
-------+----------+-------------------------------------------
     0 | D:1      | pokeman the Deep Elf Hedge Wizard began the quest for the
                  | Orb.
     0 | D:1      | Reached XP level 1. HP: 10/10 MP: 7/7
   228 | D:1      | Reached XP level 2. HP: 16/16 MP: 0/9
   762 | D:2      | Reached skill level 5 in Spellcasting
   869 | D:2      | Reached XP level 3. HP: 20/20 MP: 5/11
   873 | D:2      | Learned a level 3 spell: Mephitic Cloud
   876 | D:2      | Learned a level 2 spell: Call Imp
   879 | D:2      | Learned a level 2 spell: Blink
  1236 | D:2      | Reached skill level 1 in Fighting
  1236 | D:2      | Reached skill level 1 in Armour
  1463 | D:2      | Reached XP level 4. HP: 25/25 MP: 6/13
  1520 | D:2      | Found a faded altar of an unknown god.
  1844 | D:3      | Found a shimmering blue altar of Sif Muna.
  1844 | D:3      | Found a sacrificial altar of Ru.
  2013 | D:3      | Found a radiant altar of Vehumet.
  2029 | D:3      | Became a worshipper of Vehumet
  2427 | D:3      | Reached skill level 6 in Spellcasting
  2427 | D:3      | Reached XP level 5. HP: 29/29 MP: 7/15
  3186 | D:4      | Reached skill level 1 in Air Magic
  3209 | D:4      | Reached * piety under Vehumet
  3209 | D:4      | Offered knowledge of Foxfire by Vehumet.
  3216 | D:4      | HP: 1/29 [jackal (2)]
  3224 | D:4      | Slain by a hound

Illustrated notes

Levels and vault maps discovered:
D:1:      scummos_arrival_gate, layout_basic
D:2:      layout_basic, shapermc_ecumenical_altar_venn, minmay_tripent
D:3:      layout_basic, nicolae_vehumet_altar_sigil,
          chequers_temple_overflow_statue_of_worship
D:4:      layout_rooms, temple_green, dreamdust_gnoll_farm, uniq_blork_the_orc

Skill      XL: |  1  2  3  4  5 |
---------------+----------------+-----
Spellcasting   | 5 6 |  6.6
Fighting       | 1 |  1.0
Armour         | 1 |  1.0
Conjurations   | 2 |  2.9
Stealth        | 3 |  3.1
Dodging        | 3 |  3.0
Air Magic      | 1 |  1.0
Summonings     | |  1.1
Translocations | |  1.1
Poison Magic   | |  0.6

Action                     |  1- 3 |  4- 6 || total
---------------------------+-------+-------++-------
  Melee: Dagger            |       |    37 ||    37
   Cast: Magic Dart        |    86 |    74 ||   160
         Call Imp          |     1 |     7 ||     8
         Mephitic Cloud    |       |     5 ||     5
         Blink             |       |     3 ||     3
   Stab: Confused          |       |     4 ||     4
 Armour: Robe              |       |    24 ||    24
  Dodge: Dodged            |    12 |    60 ||    72

Table legend: (Time is in decaauts)
 A = Elapsed time spent in this place.
 B = Non-inter-level travel time spent in this place.
 C = Inter-level travel time spent in this place.
 D = Time resting spent in this place.
 E = Time spent auto-exploring this place.
 F = Levels seen in this place.
 G = Mean time per level.
                   A        B        C        D        E       F      G
               +--------+--------+--------+--------+--------+-----+--------+
         Total |   3226 |   3189 |     37 |    215 |   2500 |   4 |  806.5 |
       Dungeon |   3226 |   3189 |     37 |    215 |   2500 |   4 |  806.5 |
               +--------+--------+--------+--------+--------+-----+--------+

Top non-repeatable levels by time:
     D:2: 1252 daAuts
     D:3: 1177 daAuts
     D:1: 741 daAuts
     D:4: 55 daAuts
